 Dungeon Crawl Stone Soup version 0.17-a0-764-gd40c196 (webtiles) character file.

743 barthelme the Cudgeler (level 7, 0/71 HPs)
             Began as a Troll Berserker on Apr 23, 2015.
             Was a Priest of Trog.
             Slain by Edmund
             ... wielding a +6 flail of crushing
              (7 damage)
             ... on level 5 of the Dungeon.
             The game lasted 00:11:36 (2494 turns).

barthelme the Cudgeler (Troll Berserker)            Turns: 2494, Time: 00:11:36

Health: 0/71       AC:  0    Str: 23    XL:     7   Next: 47%
Magic:  6/6        EV: 22    Int:  3    God:    Trog [***...]
Gold:   164        SH:  0    Dex: 14    Spells: 0 memorised, 6 levels left

rFire  . . .     SeeInvis .     (weapon currently unavailable)
rCold  . . .     Clarity  .     (armour currently unavailable)
rNeg   . . .     SustAb   .     (shield currently unavailable)
rPois  .         Gourm    +     (helmet currently unavailable)
rElec  .         Spirit   .     (cloak currently unavailable)
rCorr  .         Warding  .     (gloves unavailable)
rMut   .         Stasis   .     (boots unavailable)
MR     .....                    (no amulet)
Stlth  +.........               (ring currently unavailable)
                                (ring currently unavailable)

@: exhausted, bat-form (expiring), flying, very quick, not resistant to hostile
enchantments, very unstealthy
A: unfitting armour, (claws 0), fast metabolism 3, gourmand, regeneration 2,
(shaggy fur 0), (tough skin 0)
a: Burn Spellbooks, Berserk, Trog's Hand, Renounce Religion


You were on level 5 of the Dungeon.
You worshipped Trog.
Trog was most pleased with you.
You were not hungry.
You were in bat-form.
You visited 1 branch of the dungeon, and saw 6 of its levels.

You collected 289 gold pieces.
You spent 125 gold pieces at shops.

Inventory:

Hand weapons
 a - a +1 mace (melded)
Armour
 b - a +1 animal skin (melded)
 p - a +1 cloak (melded)
Jewellery
 f - a +2 ring of protection (melded)
Scrolls
 q - 3 scrolls of fog
 r - a scroll of magic mapping
 s - a scroll of remove curse
 u - a scroll of fear
Potions
 d - a potion of flight {unknown}
 e - 2 potions of resistance
 g - 2 potions of cancellation
 h - a potion of agility
 i - a potion of heal wounds {unknown}
 k - a potion of restore abilities
 m - a potion of berserk rage {unknown}
 n - a potion of curing {unknown}
Comestibles
 c - 3 bread rations
 j - 2 fruits
 l - a meat ration
 o - a royal jelly


   Skills:
 + Level 4.3 Fighting
 + Level 5.0 Maces & Flails
 + Level 5.0 Dodging
 - Level 0.3 Stealth


You had 6 spell levels left.
You didn't know any spells.

Dungeon Overview and Level Annotations

Branches:
Dungeon (6/15)
 Temple: D:4-7

Altars:
Ashenzari

Shops:
D:4 ?

Annotations:
D:5 Edmund


Innate Abilities, Weirdness & Mutations

You are too large for most types of armour.
((You have claws for hands.))
Your metabolism is lightning-fast.
You like to eat raw meat.
You heal very quickly.
((You are covered in fur (AC +1).))
((You have very tough skin (AC +2).))


Message History

You hit the bat but do no damage. The bat misses you.
Edmund completely misses you.
You hit the bat but do no damage. The bat completely misses you.
The bat misses you.
Edmund zaps a wand.
You barely miss the bat. The bat closely misses you.
Edmund zaps a wand.
You resist with some effort.
You closely miss the bat.
You feel yourself speed up. The bat barely misses you.
You barely miss the bat. The bat closely misses you. The bat misses you.
Edmund closely misses you.
You hit the bat.
The bat is moderately wounded.
The bat hits you.
* * * LOW HITPOINT WARNING * * *
You hit the bat but do no damage.
The bat is moderately wounded.
The bat misses you.
Edmund hits you with a flail of crushing!
You die...

# # ##. .##
#.#####.#
#.#.....#
#..#.)..####
#######..#...>....
#.@...........####
#b#####.####..#
#b# ##.###.## #c#
##....#


.lS ####'## #.# #...# ... #.....# ... #.......# ... #.........# ... +.........+
You could see Edmund, a centaur, an iguana, a bat and a ball python.

Vanquished Creatures
  Sigmund (D:2)
  The ghost of barthelme the Ducker, an average TrBe of Trog (D:4)
  An ogre (D:4)
  2 scorpions (D:4)
  An iguana (D:4)
  3 worker ants (D:4)
  4 adders
  3 gnolls (D:3)
  An adder skeleton (D:4)
  A worm (D:2)
  6 giant geckos
  6 orcs
  7 bats
  A bat skeleton (D:4)
  2 giant cockroaches
  4 hobgoblins
  8 kobolds
  A ball python (D:3)
  4 giant newts
  12 goblins
  10 rats
79 creatures vanquished.

Notes
Turn   | Place    | Note
--------------------------------------------------------------
     0 | D:1      | barthelme, the Troll Berserker, began the quest for the Orb.
     0 | D:1      | Reached XP level 1. HP: 22/22 MP: 0/0
   132 | D:1      | Reached skill level 3 in Maces & Flails
   229 | D:1      | Reached XP level 2. HP: 29/29 MP: 1/1
   250 | D:1      | Found a shattered altar of Ashenzari.
   950 | D:2      | Acquired Trog's second power
   971 | D:2      | Reached XP level 3. HP: 36/36 MP: 2/2
  1140 | D:2      | Noticed Sigmund
  1235 | D:2      | Killed Sigmund
  1235 | D:2      | Reached skill level 4 in Maces & Flails
  1235 | D:2      | Reached XP level 4. HP: 45/45 MP: 3/3
  1235 | D:2      | Reached XP level 5. HP: 53/53 MP: 4/4
  1970 | D:4      | Reached XP level 6. HP: 48/61 MP: 5/5
  2079 | D:4      | Noticed barthelme's ghost (average TrBe)
  2111 | D:4      | HP: 2/62 [barthelme's ghost (5)]
  2113 | D:4      | Killed barthelme's ghost
  2199 | D:4      | Reached XP level 7. HP: 70/70 MP: 6/6
  2204 | D:4      | Noticed an ogre
  2215 | D:4      | Killed an ogre
  2239 | D:4      | Found Ytsyumosch's Magic Scroll Boutique.
  2245 | D:4      | Reached skill level 5 in Maces & Flails
  2258 | D:4      | Bought a scroll of fog for 20 gold pieces
  2258 | D:4      | Bought a scroll of remove curse for 30 gold pieces
  2258 | D:4      | Bought a scroll of identify for 20 gold pieces
  2258 | D:4      | Bought a scroll of fog for 20 gold pieces
  2258 | D:4      | Bought a scroll of fear for 35 gold pieces
  2418 | D:4      | Reached skill level 5 in Dodging
  2436 | D:4      | You fall through a shaft for 2 floors!
  2441 | D:5      | Entered Level 5 of the Dungeon
  2447 | D:5      | Noticed Edmund
  2477 | D:5      | HP: 1/71 [centaur/arrow (9)]
  2482 | D:5      | HP: 3/71 [bat (1)]
  2494 | D:5      | Slain by Edmund

Action                   |  1- 3 |  4- 6 |  7- 9 || total
-------------------------+-------+-------+-------++-------
Melee: Mace              |    90 |   121 |    61 ||   272
       Unarmed           |       |       |    17 ||    17
Invok: Berserk           |     1 |     2 |     1 ||     4
       Trog's Hand       |     1 |       |       ||     1
  Use: Scroll            |     3 |     5 |     1 ||     9
       Potion            |       |     2 |       ||     2
  Eat: Chunk             |     4 |    18 |       ||    22
       Bread ration      |     1 |       |       ||     1
       Fruit             |       |     2 |       ||     2
